AoeStats
← uselessplayer

Arabia

510215162Analyzed
2v2 RM · 1d ago on Sep 30, 2026· 32m 41s· 4 players
Game mode
Random Map
Map size
Medium (4 player)
Population
200
Speed
Normal
Resources
Standard
Victory
Conquest
Starting age
Dark Age
Ending age
Imperial Age
RankedLock teamsTeams togetherTeam positionsShared explorationLock speedFull tech treeHidden civsTurbo modeCheats
Victory
Defeat
🇺🇸 Mongols · United States
927
+14
🇺🇸 Huns · United States
912
+15
🇦🇷 Ethiopians · Argentina
915
-15
🇫🇷 Chinese · France
869
-14
uselessplayer
0:28 Loom
9:37 Feudal Age
10:08 Double-Bit Axe
10:05 Horse Collar
16:55 Wheelbarrow
17:12 Scale Barding Armor
17:22 Forging
17:28 Bloodlines
22:19 Castle Age
20:59 Gold Mining
21:50 Town Watch
24:47 Bow Saw
24:38 Heavy Plow
25:36 Stone Mining
26:09 Fletching
26:21 Padded Archer Armor
29:50 Bodkin Arrow
31:05 Leather Archer Armor
34:43 Imperial Age
33:20 Ballistics
GORGORY
5:51 Loom
9:06 Feudal Age
9:35 Double-Bit Axe
9:56 Horse Collar
14:03 Wheelbarrow
18:12 Castle Age
18:12 Stone Mining
21:01 Town Watch
25:58 Fervor
27:51 Ballistics
27:02 Elite Skirmisher
28:09 Sanctity
28:02 Gold Mining
29:27 Fletching
29:37 Padded Archer Armor
29:50 Forging
29:40 Scale Mail Armor
30:33 Murder Holes
32:06 Squires
Haze42020
5:06 Loom
8:50 Feudal Age
11:12 Double-Bit Axe
15:38 Horse Collar
21:59 Castle Age
25:30 Wheelbarrow
25:14 Bow Saw
28:22 Hand Cart
28:09 Heavy Plow
31:15 Stone Mining
31:55 Fletching
32:52 Bodkin Arrow
KentaviousJR
9:56 Feudal Age
11:50 Fletching
22:20 Castle Age
20:38 Double-Bit Axe
20:40 Horse Collar
22:31 Bloodlines
22:23 Gold Mining
23:43 Husbandry
24:58 Bodkin Arrow
26:39 Ballistics
29:02 Forging
28:58 Scale Barding Armor
30:39 Thumb Ring
31:56 Iron Casting
Connection lost

Rejoining the realm…

Still unreachable

The connection could not be restored.

Session expired

The server has moved on; the page needs a fresh start.